 Dungeon Crawl Stone Soup version 0.28-b1-25-g9875b3fc8c (webtiles) character file.

Game seed: 4082014143418245544

1124 buriedalive the Chiller (level 8, -6/41 HPs)
             Began as a Deep Elf Ice Elementalist on Jan 31, 2022.
             Killed from afar by Maggie (20 damage)
             ... with a bolt of fire
             ... while paralysed by Maggie
             ... on level 6 of the Dungeon.
             The game lasted 00:13:09 (7072 turns).

buriedalive the Chiller (Deep Elf Ice Elementalist) Turns: 7072, Time: 00:13:10

Health: -6/41      AC: 14    Str:  5    XL:     8   Next: 13%
Magic:  21/27      EV:  2    Int: 25    God:
Gold:   304        SH:  0    Dex: 22    Spells: 10/18 levels left

rFire   . . .      SeeInvis .   x - +4 quarterstaff of Yhin {vorpal, Will- MP+9 Int+2 Dex+7}
rCold   . . .      Faith    .   (shield currently unavailable)
rNeg    . . .      Spirit   .   a - +0 robe
rPois   .          Reflect  .   (no helmet)
rElec   .          Harm     .   (no cloak)
rCorr   .          Rampage  .   (no gloves)
Will    .....                   (no boots)
Stlth   +++.......              (no amulet)
HPRegen 0.13/turn               m - +4 ring of protection
MPRegen 0.20/turn               w - ring of wizardry

@: paralysed, ice-armoured, freezing walls, mesmerised
A: no striking features
a: no special abilities


You were on level 6 of the Dungeon.
You visited 1 branch of the dungeon, and saw 6 of its levels.

You collected 304 gold pieces.

Inventory:

Hand Weapons
 e - a +0 whip
 i - a +0 flail of holy wrath
 k - a +0 dagger
 v - the +5 shortbow "Nuesios" {freeze, rC+ Int+4 SInv}
   (You found it on level 5 of the Dungeon)

   Any ammunition fired from it freezes those it strikes, dealing additional
   cold damage.
   It can also slow down cold-blooded creatures.
   Int:       It affects your intelligence (+4).
   rC:        It protects you from cold.
   SInv:      It lets you see invisible.
 x - the +4 quarterstaff of Yhin (weapon) {vorpal, Will- MP+9 Int+2 Dex+7}
   (You found it on level 5 of the Dungeon)

   It inflicts extra damage upon your enemies.
   Int:       It affects your intelligence (+2).
   Dex:       It affects your dexterity (+7).
   MP:        It affects your magic capacity (+9).
   Will:      It decreases your willpower.
Missiles
 d - 75 stones
 s - 2 poisoned darts
 y - 60 arrows
Armour
 a - a +0 robe (worn)
Jewellery
 m - a +4 ring of protection (left hand)
 t - an amulet of faith
 w - a ring of wizardry (right hand)
Wands
 n - a wand of charming (8)
 z - a wand of paralysis (9)
Scrolls
 b - a scroll of fog
 c - a scroll of teleportation
 f - a scroll of torment {unknown}
 j - 2 scrolls of vulnerability
 o - a scroll of immolation {unknown}
 A - a scroll of noise {unknown}
Potions
 g - 3 potions of haste
 h - 2 potions of resistance
 l - a potion of curing
 p - a potion of brilliance
 r - a potion of cancellation
 u - a potion of might


   Skills:
 + Level 7.4 Dodging
 - Level 2.4 Stealth
 - Level 5.5 Spellcasting
 + Level 3.2 Necromancy
 + Level 7.9 Ice Magic


You had 10 spell levels left.
You knew the following spells:

 Your Spells              Type           Power      Damage    Failure   Level
a - Freeze                Ice            100%       1d11      1%          1
b - Ozocubu's Armour      Ice            46%        N/A       1%          3
c - Frozen Ramparts       Ice            92%        1d11      1%          3
d - Animate Skeleton      Necr           46%        N/A       1%          1

Your spell library contained the following spells:

 Spells                   Type           Power      Damage    Failure   Level
 Pain                     Necr           92%        1d8       1%          1
 Vampiric Draining        Necr           23%        2d7       2%          3
 Apportation              Tloc           12%        N/A       3%          1
 Summon Small Mammal      Summ           24%        N/A       3%          1
 Hailstorm                Conj/Ice       26%        3d7       6%          4
 Summon Guardian Golem    Hex/Summ       6%         N/A       10%         3
 Orb of Destruction       Conj           3%         9d5       100%        7
 Spellforged Servitor     Conj/Summ      3%         N/A       100%        7


Dungeon Overview and Level Annotations

Branches:
Dungeon (6/15)
 Temple: D:4-7

Altars:
The Shining One

Annotations:
D:6 Maggie


Message History

Unknown command.
Unknown command.
Unknown command.
Unknown command.
Unknown command.
Maggie shouts!
Maggie zaps a wand.
You suddenly lose the ability to move!
Maggie zaps a wand.
You shrug off the repeated paralysis!
Maggie mumbles some strange words.
Maggie attempts to bespell you!
You are mesmerised by Maggie!
Maggie zaps a wand.
You resist with significant effort.
You can move again.
Maggie points at you and mumbles some strange words.
The bolt of fire hits you!!
Ouch! That really hurt!
Unknown command.
Maggie gestures wildly while chanting.
Maggie draws you further into her thrall.
Unknown command.
Unknown command.
Casting: Freeze (safe; 1% risk of failure)
Confirm with . or Enter, or press ? or * to list all spells.
Casting: Frozen Ramparts (safe; 1% risk of failure)
Press: ? - help, Dir - look around, f - activate The walls around you are covered in ice.
Maggie mumbles some strange words.
Maggie draws you further into her thrall.
Casting: Frozen Ramparts (safe; 1% risk of failure)
Confirm with . or Enter, or press ? or * to list all spells.
A film of ice covers your body! Maggie casts a spell at you.
The bolt of fire hits you!
* * * LOW HITPOINT WARNING * * *
The heat melts your icy armour.
Unknown command.
You feel better.
Maggie zaps a wand.
You suddenly lose the ability to move!
Maggie casts a spell at you. The bolt of fire hits you!!
You die...

##'####.## #..
.....#...... #.# #.# #.#
#...... .. #.# #.#
#...... .... #.# #.#
#...... .....#.####.#
#...... .............#
#### ......#......#
.....
.####+#......#####......
............@....@..
...........#####......
...........# ....$
...........# ....
....)......# ...
...........# ..
...###### . ...


You could see Maggie (mesmerising).

Vanquished Creatures
  Sigmund (D:3)
  4 sky beasts
  A phantom (D:6)
  A water moccasin skeleton (D:6)
  A bullfrog zombie (D:5)
  2 iguanas (D:4)
  Jessica (D:2)
  A scorpion zombie (D:5)
  Natasha (twice) (D:2)
  An orc wizard (D:5)
  Terence (D:2)
  7 gnolls (D:2)
  6 adders
  An ufetubus (D:6)
  2 worms (D:2)
  4 dart slugs
  9 orcs
  12 endoplasms
  2 giant cockroaches
  9 goblins
  7 hobgoblins
  2 jackals (D:2)
  5 kobolds
  3 quokkas
  9 ball pythons
  5 bats
  A frilled lizard (D:1)
  A rat (D:2)
101 creatures vanquished.

Notes
Turn   | Place    | Note
-------+----------+-------------------------------------------
     0 | D:1      | buriedalive the Deep Elf Ice Elementalist began the quest
                  | for the Orb.
     0 | D:1      | Reached XP level 1. HP: 10/10 MP: 6/6
   198 | D:1      | Reached XP level 2. HP: 15/15 MP: 6/8
   641 | D:1      | Found a faded altar of an unknown god.
   973 | D:1      | Reached skill level 5 in Ice Magic
   973 | D:1      | Reached XP level 3. HP: 17/19 MP: 9/9
   977 | D:1      | Learned a level 3 spell: Ozocubu's Armour
   981 | D:1      | Learned a level 3 spell: Frozen Ramparts
  1293 | D:2      | Reached XP level 4. HP: 16/24 MP: 6/10
  2291 | D:2      | Noticed Natasha
  2298 | D:2      | Killed Natasha
  2299 | D:2      | Reached XP level 5. HP: 21/28 MP: 7/11
  2606 | D:2      | Noticed Terence
  2612 | D:2      | Killed Terence
  2613 | D:2      | Reached skill level 5 in Dodging
  2878 | D:2      | Noticed Natasha
  2887 | D:2      | Killed Natasha
  2978 | D:2      | Noticed Jessica
  2983 | D:2      | Killed Jessica
  3602 | D:3      | Found a glowing golden altar of the Shining One.
  4001 | D:3      | Noticed Sigmund
  4024 | D:3      | Killed Sigmund
  4025 | D:3      | Reached XP level 6. HP: 21/32 MP: 7/14
  5597 | D:5      | Entered Level 5 of the Dungeon
  5670 | D:5      | Noticed a sky beast
  5684 | D:5      | Killed a sky beast
  5685 | D:5      | Reached skill level 5 in Spellcasting
  5685 | D:5      | Reached XP level 7. HP: 36/36 MP: 7/16
  6017 | D:5      | Identified the +5 shortbow "Nuesios" {freeze, rC+ Int+4
                  | SInv}
  6022 | D:5      | Learned a level 1 spell: Animate Skeleton
  6142 | D:5      | Identified the +4 quarterstaff of Yhin {vorpal, Will- MP+9
                  | Int+2 Dex+7}
  6415 | D:5      | Reached skill level 1 in Necromancy
  6862 | D:6      | Reached XP level 8. HP: 39/41 MP: 15/18
  7052 | D:6      | Noticed Maggie
  7061 | D:6      | Paralysed by Maggie for 6 turns
  7071 | D:6      | Paralysed by Maggie for 6 turns
  7072 | D:6      | Killed from afar by Maggie

Illustrated notes

Levels and vault maps discovered:
D:1:      scummos_arrival_forest, layout_loops_ring,
          shapermc_ecumenical_altar_ellora
D:2:      layout_loops_corners, chequers_serial_rivers_marsh,
          minmay_octomino_e4, uniq_jessica, uniq_natasha, uniq_terence
D:3:      layout_basic, mainiacjoe_overflow_concentric_impassable, uniq_sigmund
D:4:      layout_basic
D:5:      layout_loops_cross
D:6:      layout_basic, uniq_eustachio, uniq_pikel, uniq_crazy_yiuf_cottage,
          uniq_maggie

Skill      XL: |  1  2  3  4  5  6  7 |
---------------+----------------------+-----
Dodging        | 3 4 5 6 7 |  7.4
Ice Magic      | 5 6 7 |  7.9
Spellcasting   | 4 5 |  5.5
Necromancy     | 3 |  3.2
Stealth        | |  2.4

Action                   |  1- 3 |  4- 6 |  7- 9 || total
-------------------------+-------+-------+-------++-------
Melee: Whip              |    14 |       |       ||    14
       Punch             |     1 |       |       ||     1
       Dagger            |       |    75 |     6 ||    81
       Quarterstaff      |       |       |    44 ||    44
 Cast: Freeze            |    31 |    54 |    11 ||    96
       Frozen Ramparts   |     3 |    14 |    11 ||    28
       Ozocubu's Armour  |       |     8 |    10 ||    18
  Use: Scroll            |       |     9 |     2 ||    11
       Potion            |       |       |     1 ||     1
 Stab: Sleeping          |     1 |     5 |     1 ||     7
       Distracted        |       |       |     1 ||     1
Armor: Robe              |     4 |    25 |    18 ||    47
Dodge: Dodged            |    28 |    92 |    60 ||   180
